[Event "Thursday Night Engine Tour 9 rd Swiss 5m+1s Starts at 2200hrs"]
[Site "Infinity Chess"]
[Date "2018.4.26"]
[Round "6"]
[White "Satria_Ungu"]
[Black "KRAKEN"]
[Result "1/2-1/2"]
[ECO "A06"]
[WhiteElo "2395"]
[BlackElo "2592"]
[WhiteEngine "Houdini 6_CTG"]
[BlackEngine "Raubfisch ME262_GTZ17b2_CTG"]
[EventType "Swiss"]
[WhiteTeam ""]
[BlackTeam ""]
[PlyCount "118"]
[TimeControl "300+1"]

1. Nf3 d5 2. d4 e6 3. c4 Nf6 4. Nc3 c6 5. Bg5 h6 6. Bxf6 Qxf6 7. e3 Nd7 
8. Bd3 dxc4 9. Bxc4 Bd6 10. O-O Qe7 11. Qc1 O-O 12. Qc2 Nf6 13. Rad1 e5 
14. dxe5 Bxe5 15. Nxe5 Qxe5 16. h3 Re8 17. Rd2 b5 18. Be2 a5 19. Rfd1 Be6 
20. Bf3 Rac8 21. Ne2 c5 22. Qc3 Bxa2 23. Qxa5 Bc4 24. Nc3 b4 25. Nb5 Bxb5 
26. Qxb5 Rc7 27. Rc1 Rec8 28. Qa6 Ne4 29. Bxe4 Qxe4 30. Qc4 Qxc4 31. Rxc4 Ra8 
32. f3 Kf8 33. Kf2 Rc6 34. Rdc2 Ra2 35. e4 Ke7 36. Ke3 Kd6 37. Kd3 Ra1 
38. Rc1 Rxc1 39. Rxc1 Kd7 40. Ra1 Rd6+ 41. Kc4 Rd2 42. Kxc5 Rxb2 43. Ra7+ Ke8 
44. f4 b3 45. Rb7 Rc2+ 46. Kd4 b2 47. g4 Kd8 48. e5 g6 49. f5 gxf5 50. gxf5 Kc8 
51. Rb3 h5 52. e6 fxe6 53. fxe6 Rh2 54. Rb5 h4 55. Kc3 b1=Q 56. Rxb1 Rxh3+ 
57. Kd4 Rh2 58. Ke5 Kd8 59. Kd5 h3 1/2-1/2

[Event "Thursday Night Engine Tour 9 rd Swiss 5m+1s Starts at 2200hrs"]
[Site "Infinity Chess"]
[Date "2018.4.26"]
[Round "5"]
[White "CoffeeOne"]
[Black "Satria_Ungu"]
[Result "1-0 "]
[ECO "C55"]
[WhiteElo "2526"]
[BlackElo "2406"]
[WhiteEngine "cfish-2018-04-25-2"]
[BlackEngine "Houdini 6_CTG"]
[EventType "Swiss"]
[WhiteTeam ""]
[BlackTeam ""]
[PlyCount "112"]
[TimeControl "300+1"]

1. e4 e5 2. Nf3 Nc6 3. Bc4 Nf6 4. d3 a6 5. Ng5 d5 6. exd5 Na5 7. Qf3 h6 
8. Ne4 Nxe4 9. Qxe4 Bd6 10. Bd2 Nxc4 11. dxc4 O-O 12. Nc3 f5 13. Qe2 Bd7 
14. a3 Qe7 15. g3 Rab8 16. a4 Ra8 17. f3 Be8 18. f4 e4 19. Be3 Kh7 20. Rg1 b6 
21. Bd4 Rg8 22. Qe3 Bh5 23. a5 g5 24. Ne2 Bxe2 25. Kxe2 gxf4 26. gxf4 Qh4 
27. Qf2 Qh5+ 28. Kd2 bxa5 29. c5 Be7 30. Rxg8 Rxg8 31. Rg1 Qe8 32. Rxg8 Qxg8 
33. Qg3 a4 34. c6 Qf8 35. h4 Qf7 36. c4 h5 37. Be5 Bd8 38. Kc2 Kh6 39. Kb1 a5 
40. c5 e3 41. d6 e2 42. dxc7 Bxc7 43. Bxc7 Qxc7 44. Qg5+ Kh7 45. Qxh5+ Kg8 
46. Qe8+ Kh7 47. Qxe2 Qxc6 48. Qe7+ Kg8 49. Qg5+ Kh8 50. Qxf5 a3 51. bxa3 Qb5+ 
52. Kc2 Qc4+ 53. Kd2 Kg7 54. Qd7+ Kh8 55. c6 Qxf4+ 56. Kc3 Qf8 1-0

[Event "Thursday Night Engine Tour 9 rd Swiss 5m+1s Starts at 2200hrs"]
[Site "Infinity Chess"]
[Date "2018.4.26"]
[Round "5"]
[White "star99"]
[Black "Dovahkiin"]
[Result "1/2-1/2"]
[ECO "C26"]
[WhiteElo "2492"]
[BlackElo "2470"]
[WhiteEngine "Cryptic Heroes 9.4B"]
[BlackEngine "BrainFish_180423_x64_modern_CTG"]
[EventType "Swiss"]
[WhiteTeam ""]
[BlackTeam ""]
[PlyCount "82"]
[TimeControl "300+1"]

1. e4 e5 2. Nc3 Nf6 3. Nf3 Nc6 4. Bb5 Nd4 5. Bc4 Bc5 6. Nxe5 Qe7 7. Nf3 d5 
8. Nxd5 Qxe4+ 9. Ne3 Bg4 10. Be2 Nxe2 11. Qxe2 O-O-O 12. d3 Qe6 13. Nxg4 Qxe2+ 
14. Kxe2 Nxg4 15. Be3 Rhe8 16. Rae1 Nxe3 17. fxe3 Bxe3 18. Kd1 Kd7 19. Re2 Re6 
20. Rhe1 Rde8 21. b4 f6 22. a4 c6 23. c3 Bb6 24. Nd2 Rxe2 25. Rxe2 Rxe2 
26. Kxe2 f5 27. d4 Bc7 28. h3 h5 29. Nf3 Ke6 30. b5 a6 31. bxa6 bxa6 32. Ke3 Bg3 
33. Kd3 Kd5 34. c4+ Kd6 35. Kc3 a5 36. h4 Ke6 37. Kd3 g6 38. Kc3 Bf4 39. Kd3 Bg3 
40. Kc3 Bf4 41. Kd3 Bg3 1/2-1/2

[Event "Thursday Night Engine Tour 9 rd Swiss 5m+1s Starts at 2200hrs"]
[Site "Infinity Chess"]
[Date "2018.4.26"]
[Round "5"]
[White "NINJA_JENGKA"]
[Black "ocirema"]
[Result "1/2-1/2 "]
[ECO "A04"]
[WhiteElo "2489"]
[BlackElo "2467"]
[WhiteEngine "Houdini 6_CTG"]
[BlackEngine "asmFishW_2018-04-24_popcnt"]
[EventType "Swiss"]
[WhiteTeam ""]
[BlackTeam ""]
[PlyCount "115"]
[TimeControl "300+1"]

1. Nf3 c5 2. e4 d6 3. Nc3 Nf6 4. d4 cxd4 5. Nxd4 a6 6. Be3 e5 7. Nb3 Be6 
8. f3 h5 9. Be2 Nbd7 10. Qd2 b5 11. O-O-O Rc8 12. Kb1 Be7 13. f4 O-O 
14. Rhe1 Re8 15. h3 h4 16. a3 Qc7 17. Bf3 Red8 18. Bf2 Nb6 19. Bxb6 Qxb6 
20. Nd5 Nxd5 21. exd5 Bf5 22. Be4 Bxe4 23. Rxe4 f5 24. Re2 Bf6 25. Qe1 Kf7 
26. Na5 e4 27. Nc6 Rh8 28. Qb4 Qc5 29. Qd2 g6 30. Qa5 Kg7 31. Qd2 Kh6 
32. Re3 Rhg8 33. Qe1 Rce8 34. Re2 Rh8 35. Qd2 e3 36. Qb4 Qxb4 37. Nxb4 a5 
38. Nc6 g5 39. Nxa5 gxf4 40. Rf1 Rhg8 41. Nc6 Rg3 42. Nb4 Bg5 43. c3 Kg6 
44. Nc6 Rg8 45. Nd4 Bh6 46. Rf3 Bg7 47. Rxg3+ fxg3 48. Nf3 f4 49. Nxh4+ Kg5 
50. Nf3+ Kf5 51. Kc2 Ke4 52. Re1 Bf6 53. Ra1 Rc8 54. h4 Ra8 55. h5 Rh8 
56. Rh1 Rh6 57. Rh3 Be5 58. Rh4 1/2-1/2

[Event "Thursday Night Engine Tour 9 rd Swiss 5m+1s Starts at 2200hrs"]
[Site "Infinity Chess"]
[Date "2018.4.26"]
[Round "5"]
[White "KRAKEN"]
[Black "Vimtiroba"]
[Result "1/2-1/2"]
[ECO "D31"]
[WhiteElo "2597"]
[BlackElo "2481"]
[WhiteEngine "Raubfisch ME262_GTZ17b2_CTG"]
[BlackEngine "AsmFish A25_CTG"]
[EventType "Swiss"]
[WhiteTeam ""]
[BlackTeam ""]
[PlyCount "109"]
[TimeControl "300+1"]

1. d4 d5 2. c4 e6 3. Nc3 c6 4. e3 Nd7 5. Bd3 dxc4 6. Bxc4 b5 7. Be2 Bb7 
8. Nf3 Ngf6 9. O-O Be7 10. a3 a5 11. b3 O-O 12. Bb2 b4 13. Na4 c5 14. dxc5 Nxc5 
15. Nxc5 Bxc5 16. Ne5 Ne4 17. axb4 Bxb4 18. Bf3 Bd5 19. Nc4 Nc3 20. Bxc3 Bxc3 
21. Rc1 Bf6 22. Bxd5 exd5 23. Nd2 d4 24. exd4 Bxd4 25. g3 h6 26. Re1 Qf6 
27. Ne4 Qb6 28. Qf3 Rab8 29. Red1 Bb2 30. Rc5 Rfe8 31. Rdd5 Qxb3 32. Qxb3 Rxb3 
33. Nd2 Re1+ 34. Kg2 Rb8 35. Rxa5 Bc3 36. Ra3 Bxd2 37. Rxd2 Rb7 38. Rd8+ Kh7 
39. h3 Re2 40. h4 Re5 41. Rc8 h5 42. Rc2 f6 43. Raa2 Reb5 44. Rd2 Kg6 
45. Ra8 Rc7 46. Re2 Rc1 47. Re7 Rbb1 48. Kf3 Rc3+ 49. Kg2 Rcc1 50. Ra2 Rh1 
51. Raa7 Rhg1+ 52. Kh3 Rh1+ 53. Kg2 Rhg1+ 54. Kh3 Rh1+ 55. Kg2 1/2-1/2

[Event "Thursday Night Engine Tour 9 rd Swiss 5m+1s Starts at 2200hrs"]
[Site "Infinity Chess"]
[Date "2018.4.26"]
[Round "4"]
[White "star99"]
[Black "CoffeeOne"]
[Result "1/2-1/2"]
[ECO "C77"]
[WhiteElo "2491"]
[BlackElo "2527"]
[WhiteEngine "Cryptic Heroes 9.4B"]
[BlackEngine "cfish-2018-04-25-2"]
[EventType "Swiss"]
[WhiteTeam ""]
[BlackTeam ""]
[PlyCount "143"]
[TimeControl "300+1"]

1. e4 e5 2. Nf3 Nc6 3. Bb5 a6 4. Ba4 Nf6 5. d3 Bc5 6. Bxc6 dxc6 7. O-O Qe7 
8. Nbd2 Bg4 9. h3 Bh5 10. Re1 Nd7 11. c3 O-O 12. Nf1 Rfe8 13. Ng3 Bg6 
14. Nf5 Qe6 15. N3h4 Bb6 16. Qc2 Rad8 17. b4 c5 18. a4 cxb4 19. cxb4 Bxf5 
20. Nxf5 g6 21. Nh6+ Kg7 22. Rb1 c6 23. Ng4 h5 24. Nh2 Qd6 25. Rd1 Nf8 
26. Be3 Bd4 27. Nf3 Ne6 28. Rf1 Kh7 29. Nxd4 Nxd4 30. Qb2 Rd7 31. Rbd1 Ne6 
32. Rd2 g5 33. Rc1 f6 34. Qb3 Kg6 35. Rc4 Qe7 36. Bb6 h4 37. Qd1 Rd6 38. Qb1 Kh6 
39. Rc3 Qg7 40. Be3 Rc8 41. Qb3 Rc7 42. Ra2 Kh7 43. Qd1 Kg6 44. Qc2 Kh7 
45. Qd1 Qe7 46. Qc2 Qe8 47. Rb2 Kg7 48. Bb6 Rf7 49. Kh2 Qe7 50. Bc5 Nxc5 
51. Rxc5 Qd7 52. Rb3 Qd8 53. b5 cxb5 54. axb5 a5 55. Kg1 Qb6 56. Rc8 Rd8 
57. Rxd8 Qxd8 58. b6 a4 59. Rc3 Qxb6 60. Qxa4 Qb2 61. Rc8 Qb1+ 62. Kh2 Qxd3 
63. Qa8 Qxe4 64. Rg8+ Kh6 65. Rh8+ Rh7 66. Qf8+ Kg6 67. Qg8+ Rg7 68. Qe8+ Kf5 
69. Qc8+ Kg6 70. Qe8+ Kf5 71. Qc8+ Kg6 72. Qe8+ 1/2-1/2

[Event "Thursday Night Engine Tour 9 rd Swiss 5m+1s Starts at 2200hrs"]
[Site "Infinity Chess"]
[Date "2018.4.26"]
[Round "4"]
[White "Satria_Ungu"]
[Black "ocirema"]
[Result "1/2-1/2"]
[ECO "A04"]
[WhiteElo "2403"]
[BlackElo "2470"]
[WhiteEngine "Houdini 6_CTG"]
[BlackEngine "asmFishW_2018-04-24_popcnt"]
[EventType "Swiss"]
[WhiteTeam ""]
[BlackTeam ""]
[PlyCount "93"]
[TimeControl "300+1"]

1. Nf3 c5 2. e4 d6 3. Nc3 Nf6 4. d4 cxd4 5. Nxd4 a6 6. Be3 e5 7. Nb3 Be6 
8. f3 h5 9. Qd2 Nbd7 10. Nd5 Nxd5 11. exd5 Bf5 12. Rd1 Be7 13. Be2 Bh4+ 
14. g3 Be7 15. Na5 Rb8 16. O-O Bh3 17. Rfe1 O-O 18. c4 h4 19. Ba7 Rc8 20. Bf2 f5 
21. Nxb7 Qe8 22. c5 Qg6 23. Nxd6 hxg3 24. hxg3 Rxc5 25. Nc4 Bh4 26. Nxe5 Nxe5 
27. Qf4 Rc2 28. d6 Bf6 29. Bxa6 Nf7 30. Re2 Bg5 31. Qd4 Rc6 32. Bc4 Rd8 
33. d7 Kh7 34. Bb3 Qh5 35. g4 fxg4 36. Qe4+ g6 37. f4 g3 38. Bxg3 Rd6 
39. fxg5 Rxd1+ 40. Bxd1 Rxd7 41. Rd2 Qxg5 42. Qf4 Rxd2 43. Qxf7+ Kh6 
44. Qf8+ Kh7 45. Qf7+ Kh6 46. Qf8+ Kh7 47. Qf7+ 1/2-1/2

[Event "Thursday Night Engine Tour 9 rd Swiss 5m+1s Starts at 2200hrs"]
[Site "Infinity Chess"]
[Date "2018.4.26"]
[Round "4"]
[White "Vimtiroba"]
[Black "NINJA_JENGKA"]
[Result "1/2-1/2"]
[ECO "A13"]
[WhiteElo "2481"]
[BlackElo "2489"]
[WhiteEngine "AsmFish A25_CTG"]
[BlackEngine "Houdini 6_CTG"]
[EventType "Swiss"]
[WhiteTeam ""]
[BlackTeam ""]
[PlyCount "146"]
[TimeControl "300+1"]

1. c4 e6 2. Nf3 Nf6 3. Nc3 Bb4 4. d4 d5 5. cxd5 exd5 6. Bf4 O-O 7. e3 c5 
8. dxc5 Bxc5 9. Be2 Nc6 10. O-O Be6 11. Rc1 Rc8 12. a3 h6 13. Nb5 Be7 
14. Nfd4 Qd7 15. Qd3 a6 16. Nxc6 bxc6 17. Nc3 Bd6 18. Bxd6 Qxd6 19. Na4 a5 
20. Rc5 Bg4 21. Rxa5 Qc7 22. Ra6 c5 23. f3 Bd7 24. b4 cxb4 25. axb4 Bxa4 
26. Rxa4 d4 27. e4 Rfd8 28. g3 Nd7 29. f4 Nb6 30. Ra6 Nc4 31. Rc1 Qb7 
32. Raa1 Nb2 33. Rxc8 Qxc8 34. Qb3 d3 35. Qxb2 dxe2 36. Qxe2 Qc3 37. Ra2 Qxb4 
38. h3 Qb1+ 39. Kh2 Rd1 40. Qg2 g6 41. h4 Qd3 42. Re2 Kg7 43. Qf2 Qb1 
44. Qf3 Rd3 45. Qg2 Rd1 46. e5 Re1 47. Rxe1 Qxe1 48. Qf3 h5 49. Qd3 Qf2+ 
50. Kh3 Qg1 51. Qf3 Qb1 52. Kh2 Qc2+ 53. Kg1 Qc1+ 54. Kf2 Qc4 55. Qe2 Qc6 
56. Qb2 Qh1 57. Qb3 Qc6 58. Kg1 Qc1+ 59. Kg2 Qd2+ 60. Kh3 Qe2 61. Qb1 Kg8 
62. Qg1 Kg7 63. Qg2 Qd3 64. Kh2 Qd1 65. Qa2 Qd3 66. Kh3 Qf1+ 67. Kh2 Qd3 
68. Qa8 Qe2+ 69. Kg1 Qd1+ 70. Kf2 Qc2+ 71. Ke3 Qc3+ 72. Kf2 Qd2+ 73. Kf3 Qd7 
1/2-1/2

[Event "Thursday Night Engine Tour 9 rd Swiss 5m+1s Starts at 2200hrs"]
[Site "Infinity Chess"]
[Date "2018.4.26"]
[Round "4"]
[White "Dovahkiin"]
[Black "KRAKEN"]
[Result "0-1"]
[ECO "C50"]
[WhiteElo "2482"]
[BlackElo "2585"]
[WhiteEngine "BrainFish_180423_x64_modern_CTG"]
[BlackEngine "Raubfisch ME262_GTZ17b2_CTG"]
[EventType "Swiss"]
[WhiteTeam ""]
[BlackTeam ""]
[PlyCount "168"]
[TimeControl "300+1"]

1. e4 e5 2. Nf3 Nc6 3. Bc4 Bc5 4. O-O Nf6 5. d3 O-O 6. c3 d6 7. Bg5 h6 8. Bh4 a6 
9. Nbd2 Ba7 10. Bb3 g5 11. Bg3 Na5 12. Bc2 Nh5 13. b4 Nxg3 14. hxg3 Nc6 
15. Nc4 Kg7 16. Qd2 Qf6 17. Ne3 Be6 18. a4 Rad8 19. Rad1 Bxe3 20. fxe3 Qe7 
21. Rf2 f6 22. Qe2 Qe8 23. d4 Ne7 24. Nd2 Ng8 25. Rdf1 h5 26. Nf3 Qe7 27. c4 Nh6 
28. Rb1 c6 29. Rff1 Bf7 30. a5 Qc7 31. Bd3 Bg6 32. Bc2 Qc8 33. Rbe1 Qg4 
34. Qf2 Qd7 35. Qe2 Qg4 36. Qf2 Qd7 37. Qe2 Qe6 38. b5 cxb5 39. cxb5 Qg4 
40. bxa6 bxa6 41. Rb1 Qxg3 42. Rb6 Rc8 43. Bb1 h4 44. Qe1 Rfd8 45. Rb7+ Kh8 
46. Ra7 Ng4 47. Qxg3 hxg3 48. Re1 Rc3 49. Rxa6 Kg7 50. Rb6 Rdc8 51. dxe5 dxe5 
52. Ba2 Nxe3 53. Rb7+ Kh6 54. Be6 R8c6 55. Rb3 Nc2 56. Rc1 R3c5 57. Rb6 Rc7 
58. Bd5 Nd4 59. Re1 Rc1 60. Rb1 Ne2+ 61. Kh1 R1c2 62. a6 g4 63. Nh4 Kg5 
64. Rxe2 Rxe2 65. Nxg6 Rec2 66. Rf1 Kxg6 67. Kg1 R2c3 68. Be6 Kg5 69. Rf5+ Kh4 
70. Rf1 Ra3 71. Re1 Rxa6 72. Bb3 Rb6 73. Ba4 Rb2 74. Kh1 Kg5 75. Kg1 Rc4 
76. Bd1 Rc1 77. Rf1 f5 78. Re1 f4 79. Kf1 f3 80. gxf3 gxf3 81. Be2 Rxe1+ 
82. Kxe1 Rxe2+ 83. Kd1 g2 84. Kc1 g1=Q# 0-1

[Event "Thursday Night Engine Tour 9 rd Swiss 5m+1s Starts at 2200hrs"]
[Site "Infinity Chess"]
[Date "2018.4.26"]
[Round "3"]
[White "Satria_Ungu"]
[Black "NINJA_JENGKA"]
[Result "1/2-1/2"]
[ECO "A46"]
[WhiteElo "2403"]
[BlackElo "2493"]
[WhiteEngine "Houdini 6_CTG"]
[BlackEngine "Houdini 6_CTG"]
[EventType "Swiss"]
[WhiteTeam ""]
[BlackTeam ""]
[PlyCount "132"]
[TimeControl "300+1"]

1. d4 Nf6 2. Nf3 d5 3. c4 e6 4. Nc3 c6 5. e3 Nbd7 6. h3 b6 7. b3 Bb7 8. Bb2 Bd6 
9. Be2 O-O 10. O-O Qe7 11. a4 a5 12. Qb1 Rfe8 13. Qc2 Red8 14. Rfd1 Rac8 
15. Rac1 Re8 16. Re1 Bb4 17. Rf1 Bd6 18. Rfd1 h6 19. Bf1 Bb4 20. Bd3 Rcd8 
21. Qe2 Bd6 22. Nd2 Rc8 23. f4 c5 24. Rf1 cxd4 25. exd4 Bb4 26. Rf2 Nb8 
27. Qe3 Na6 28. Nf3 Red8 29. Nb5 Ne4 30. Rfc2 Bd6 31. Nxd6 Qxd6 32. Re2 Nb4 
33. Bb1 Rc7 34. g4 Rdc8 35. Ba3 f6 36. Bxe4 dxe4 37. Nh4 g5 38. Ng2 f5 
39. Rf1 Rg7 40. fxg5 Rxg5 41. Nf4 Rf8 42. Rg2 fxg4 43. hxg4 e5 44. dxe5 Qxe5 
45. Bb2 Qd6 46. Qc3 Kh7 47. Qd4 Qxd4+ 48. Bxd4 e3 49. Rg3 Nc2 50. Ne6 Rxf1+ 
51. Kxf1 Rg8 52. Bxb6 e2+ 53. Kxe2 Re8 54. Bxa5 Nd4+ 55. Kd2 Rxe6 56. Bc7 Kg6 
57. b4 Ra6 58. Ra3 Rc6 59. Be5 Rxc4 60. Kd3 Ba6 61. Bxd4 Rxb4+ 62. Ke4 Kg5 
63. Ke5 Bb5 64. a5 Ra4 65. Rxa4 Bxa4 66. a6 Kxg4 1/2-1/2

[Event "Thursday Night Engine Tour 9 rd Swiss 5m+1s Starts at 2200hrs"]
[Site "Infinity Chess"]
[Date "2018.4.26"]
[Round "3"]
[White "Dovahkiin"]
[Black "incredible"]
[Result "1-0 "]
[ECO "C50"]
[WhiteElo "2466"]
[BlackElo "2462"]
[WhiteEngine "BrainFish_180423_x64_modern_CTG"]
[BlackEngine "Stockfish_x64_bmi2"]
[EventType "Swiss"]
[WhiteTeam ""]
[BlackTeam ""]
[PlyCount "213"]
[TimeControl "300+1"]

1. e4 e5 2. Nf3 Nc6 3. Bc4 Bc5 4. O-O Nf6 5. d3 O-O 6. c3 d6 7. Bg5 h6 8. Bh4 a5 
9. Nbd2 g5 10. Bg3 Qe7 11. a4 Bd7 12. Re1 Rfe8 13. Nb3 Bb6 14. Bb5 Nh5 
15. Bxc6 Bxc6 16. Nxe5 dxe5 17. Qxh5 Rad8 18. d4 exd4 19. Nxd4 Bxd4 20. cxd4 Kg7 
21. Rad1 Bxa4 22. Rd3 Qb4 23. Rde3 Rxd4 24. h4 Rdxe4 25. Rxe4 Rxe4 26. Rxe4 Qxe4 
27. hxg5 hxg5 28. Qxg5+ Kf8 29. Bxc7 Bc6 30. Bb6 Qb1+ 31. Kh2 Qh7+ 32. Kg1 Qb1+ 
33. Kh2 Qh7+ 34. Kg3 Qg7 35. Qxg7+ Kxg7 36. Bxa5 Kg6 37. Bc3 Kf5 38. f3 Bb5 
39. Kh4 Bf1 40. Kh3 Ke6 41. Bd4 Bc4 42. Bf2 Ke5 43. Be3 Kf6 44. Kg3 Ke6 
45. Kf4 Kf6 46. Ke4 Ke6 47. Bf4 Bb5 48. Bc7 Be2 49. g4 Bd1 50. g5 f6 51. f4 Bc2+ 
52. Ke3 fxg5 53. fxg5 Kf5 54. Bd8 Bb3 55. Kd4 Be6 56. Be7 b6 57. Bf6 Bg8 
58. Kd3 Bf7 59. Kc3 Bd5 60. Be7 Bf3 61. Kd4 Bc6 62. Bf6 Bg2 63. Bd8 Bc6 
64. Kc4 Kg6 65. Kc3 Bb7 66. Kd4 Kf5 67. Kc4 Bc6 68. Kc3 Bd5 69. Be7 Bf7 
70. Kb4 Be8 71. Kc4 Bc6 72. Bd8 Kg6 73. Kd4 Kf5 74. Ke3 b5 75. Be7 Be8 
76. b4 Bh5 77. Bd8 Bd1 78. Kd2 Bb3 79. Kc3 Bd1 80. Kd2 Bb3 81. Kc3 Bd5 
82. Kd3 Bh1 83. Be7 Be4+ 84. Kd4 Bc2 85. Kc5 Bd3 86. Kd4 Bc4 87. Bf6 Bf7 
88. Kd3 Ba2 89. Be7 Bf7 90. Bd8 Bd5 91. Be7 Bc4+ 92. Ke3 Be6 93. Kd4 Ba2 
94. Kc5 Bc4 95. Kc6 Bf1 96. Bd8 Be2 97. Bf6 Bd3 98. Kc5 Bc4 99. Kb6 Bf1 
100. Ka6 Be2 101. Kb7 Bc4 102. Ka7 Bf1 103. Ka6 Be2 104. Bd8 Bc4 105. Ka5 Bf1 
106. Be7 Be2 107. Bf6 1-0

[Event "Thursday Night Engine Tour 9 rd Swiss 5m+1s Starts at 2200hrs"]
[Site "Infinity Chess"]
[Date "2018.4.26"]
[Round "3"]
[White "ocirema"]
[Black "Vimtiroba"]
[Result "1/2-1/2"]
[ECO "D30"]
[WhiteElo "2469"]
[BlackElo "2482"]
[WhiteEngine "asmFishW_2018-04-24_popcnt"]
[BlackEngine "AsmFish A25_CTG"]
[EventType "Swiss"]
[WhiteTeam ""]
[BlackTeam ""]
[PlyCount "382"]
[TimeControl "300+1"]

1. d4 d5 2. c4 e6 3. Nf3 Nf6 4. Nc3 c6 5. Bg5 h6 6. Bxf6 Qxf6 7. e3 Nd7 
8. Bd3 dxc4 9. Bxc4 g6 10. O-O Bg7 11. e4 e5 12. d5 Nb6 13. Bb3 Bg4 14. Re1 Bxf3 
15. Qxf3 Qxf3 16. gxf3 O-O 17. dxc6 bxc6 18. Na4 Rfc8 19. Red1 Rc7 20. Rd6 Nxa4 
21. Bxa4 Bf8 22. Rxc6 Rxc6 23. Bxc6 Rb8 24. b3 Ba3 25. Bd5 Rc8 26. Bc4 Rd8 
27. Re1 Rd2 28. Re2 Rxe2 29. Bxe2 Kg7 30. Ba6 Bc5 31. Kg2 Kf6 32. Bc4 a5 
33. Kf1 h5 34. Bd5 Ke7 35. Ke2 f6 36. Bc6 g5 37. Ke1 Kd6 38. Be8 h4 39. Kf1 Bd4 
40. Bf7 Ke7 41. Bd5 Kd6 42. Bf7 Bc3 43. Kg2 Bd4 44. Bh5 Bc5 45. Bg6 Bb6 
46. Be8 Ke7 47. Bb5 Kd6 48. Ba6 Bc5 49. Bc4 Bd4 50. Be2 Bc5 51. Bc4 Bd4 
52. Kh3 Bxf2 53. Kg4 Bg1 54. h3 Bb6 55. Bf1 Bd4 56. Bb5 Kc5 57. Bc4 Kd6 
58. Bb5 Bb6 59. Kf5 Ke7 60. Kg6 Bd4 61. Kf5 Bf2 62. Be2 Be3 63. Kg6 Bd4 
64. Bd3 Bb6 65. Kg7 Be3 66. Ba6 Bc5 67. Bf1 Be3 68. Ba6 Bd4 69. Kg6 Bc5 
70. Bf1 Bd6 71. Bd3 Bb4 72. Be2 Be1 73. Bb5 Bb4 74. Kh6 Ba3 75. Kg7 Ke6 
76. Kg6 Bd6 77. Bc4+ Ke7 78. Kf5 Bb4 79. Bb5 Bc5 80. Bc6 Ba3 81. Kg4 Kd6 
82. Ba4 Ke7 83. Kf5 Bc5 84. Bb5 Bd4 85. Bc4 Bf2 86. Bf1 Bc5 87. Bd3 Bd4 
88. Kg6 Ke6 89. Bc2 Be3 90. Kg7 Bc5 91. Bd1 Bd6 92. Kh6 Ke7 93. Kg7 Bb4 
94. Be2 Bd2 95. Kg6 Be3 96. Bd1 Bf2 97. Bc2 Bc5 98. Bd3 Be3 99. Kg7 Ba7 
100. Kh6 Bf2 101. Kg6 Be1 102. Bc2 Bd2 103. a3 Be1 104. Bd3 Ke6 105. Be2 Bd2 
106. Bd3 Bc3 107. Bc4+ Ke7 108. Bd3 Bd2 109. Kf5 Be1 110. Be2 Bc3 111. Bc4 Be1 
112. Kg4 Bc3 113. Kf5 Be1 114. Bd5 Bc3 115. Kg6 Bd2 116. Bc4 Be1 117. Bf1 Bc3 
118. Be2 Bd2 119. Bd3 Ke6 120. Kg7 Ke7 121. Kg6 Be1 122. Kg7 Bd2 123. Be2 Bc3 
124. Kg6 Bd2 125. Kf5 Bc3 126. Bf1 Bd2 127. Bd3 Bc3 128. Be2 Kf7 129. Bd3 Bd2 
130. Bb5 Ke7 131. Bc6 Bc3 132. Kg6 Be1 133. Ba4 Ke6 134. Bc6 Kd6 135. Bd5 Ke7 
136. Kf5 Bc3 137. Bc6 Be1 138. Ba8 Kf7 139. Bd5+ Ke7 140. Kg6 Bc3 141. Bc6 Ke6 
142. Ba4 Bd2 143. Bb5 Bc3 144. Bc4+ Ke7 145. Bd3 Ke6 146. Bb5 Bd2 147. Ba4 Be1 
148. Bb5 Bd2 149. Kg7 Bc3 150. Bc4+ Ke7 151. Be2 Bd2 152. Kg6 Bc3 153. a4 Ke6 
154. Bd3 Bb4 155. Bc4+ Ke7 156. Bb5 Ke6 157. Bd3 Ke7 158. Bc4 Bc5 159. Bd3 Ke6 
160. Bb5 Ke7 161. Bc6 Kd6 162. Bd5 Ke7 163. Bc6 Bb4 164. Kf5 Bc5 165. Bb7 Bd4 
166. Kg6 Bb6 167. Ba6 Bd4 168. Bb5 Bg1 169. Bc4 Bf2 170. Be2 Bg3 171. Kf5 Be1 
172. Bd1 Kf7 173. Be2 Ke7 174. Bd1 Bb4 175. Bc2 Bc5 176. Bd3 Ba7 177. Kg4 Bd4 
178. Bb5 Kf7 179. Bc6 Be3 180. Kf5 Bd2 181. Bb5 Bc3 182. Bc4+ Ke7 183. Bb5 Bd2 
184. Bc6 Kf7 185. Bd5+ Ke7 186. Bb7 Bc3 187. Kg6 Bd4 188. Bd5 Bc5 189. Bc4 Bb4 
190. Be2 Bd2 191. Kf5 Be1 1/2-1/2

[Event "Thursday Night Engine Tour 9 rd Swiss 5m+1s Starts at 2200hrs"]
[Site "Infinity Chess"]
[Date "2018.4.26"]
[Round "3"]
[White "KRAKEN"]
[Black "star99"]
[Result "1-0"]
[ECO "A50"]
[WhiteElo "2572"]
[BlackElo "2504"]
[WhiteEngine "Raubfisch ME262_GTZ17b2_CTG"]
[BlackEngine "Cryptic Heroes 9.4B"]
[EventType "Swiss"]
[WhiteTeam ""]
[BlackTeam ""]
[PlyCount "113"]
[TimeControl "300+1"]

1. d4 Nf6 2. c4 c6 3. e3 d5 4. Nf3 Bf5 5. Nc3 e6 6. Nh4 Bg6 7. Nxg6 hxg6 
8. h3 Nbd7 9. Bd3 g5 10. cxd5 exd5 11. Bd2 Be7 12. Qe2 Nf8 13. f3 a5 
14. O-O-O Ne6 15. Bf5 a4 16. a3 Qd6 17. Kb1 Rh6 18. Qd3 Nd7 19. Bc1 Nb6 
20. e4 Nc4 21. Rhe1 Kf8 22. h4 Rxh4 23. g3 Rh6 24. f4 gxf4 25. gxf4 b5 
26. Bxe6 fxe6 27. f5 b4 28. Nxa4 Rxa4 29. Bxh6 bxa3 30. Bxg7+ Ke8 31. b3 a2+ 
32. Ka1 Ra3 33. Rh1 Na5 34. Rh8+ Kd7 35. Be5 Nxb3+ 36. Qxb3 Rxb3 37. Bxd6 Bxd6 
38. e5 Bb4 39. Rh7+ Ke8 40. Kxa2 Ra3+ 41. Kb2 exf5 42. Rg1 Bf8 43. Rg8 Re3 
44. Rhh8 Re2+ 45. Kb3 Kf7 46. Rxf8+ Kg6 47. Rhg8+ Kh7 48. Rg3 c5 49. Rxf5 c4+ 
50. Kc3 Rh2 51. e6 Rh1 52. e7 Rc1+ 53. Kb4 Kh6 54. e8=Q Rb1+ 55. Kc5 Rb5+ 
56. Kxb5 c3 57. Rh5# 1-0

[Event "Thursday Night Engine Tour 9 rd Swiss 5m+1s Starts at 2200hrs"]
[Site "Infinity Chess"]
[Date "2018.4.26"]
[Round "2"]
[White "incredible"]
[Black "Satria_Ungu"]
[Result "1/2-1/2 "]
[ECO "E10"]
[WhiteElo "2465"]
[BlackElo "2400"]
[WhiteEngine "Stockfish_x64_bmi2"]
[BlackEngine "Houdini 6_CTG"]
[EventType "Swiss"]
[WhiteTeam ""]
[BlackTeam ""]
[PlyCount "112"]
[TimeControl "300+1"]

1. d4 Nf6 2. c4 e6 3. Nf3 d5 4. Nc3 c6 5. Bg5 h6 6. Bh4 Nbd7 7. e3 Be7 
8. Qc2 O-O 9. O-O-O dxc4 10. Bxc4 b5 11. Be2 Bb7 12. Kb1 Rc8 13. Ne5 Nxe5 
14. Bxf6 Nd7 15. Bxe7 Qxe7 16. Bf3 Ba6 17. Qb3 c5 18. dxc5 Nxc5 19. Qb4 Qc7 
20. Rd2 Rfd8 21. Rxd8+ Rxd8 22. Rd1 Rxd1+ 23. Nxd1 Nd3 24. Qc3 Qxc3 25. bxc3 Kf8 
26. Be2 Nc5 27. Kb2 Bb7 28. f3 Bc6 29. a3 Ke7 30. c4 bxc4 31. Kc3 Kd6 
32. Kxc4 Nd7 33. Nc3 Nb6+ 34. Kb4 f5 35. g3 g5 36. a4 Nd5+ 37. Nxd5 Bxd5 
38. f4 Be4 39. a5 e5 40. Kb5 gxf4 41. exf4 exf4 42. gxf4 Kd5 43. Ka6 Kd4 
44. Kxa7 Ke3 45. Bc4 Kxf4 46. h3 Kg3 47. a6 f4 48. Kb6 f3 49. Bf1 Kf2 
50. Bb5 Kg2 51. h4 f2 52. Kc5 f1=Q 53. Bxf1+ Kxf1 54. Kd4 Bf3 55. Ke5 Kf2 
56. Kf4 h5 1/2-1/2

[Event "Thursday Night Engine Tour 9 rd Swiss 5m+1s Starts at 2200hrs"]
[Site "Infinity Chess"]
[Date "2018.4.26"]
[Round "2"]
[White "ocirema"]
[Black "Dovahkiin"]
[Result "1/2-1/2"]
[ECO "D30"]
[WhiteElo "2469"]
[BlackElo "2466"]
[WhiteEngine "asmFishW_2018-04-24_popcnt"]
[BlackEngine "BrainFish_180423_x64_modern_CTG"]
[EventType "Swiss"]
[WhiteTeam ""]
[BlackTeam ""]
[PlyCount "147"]
[TimeControl "300+1"]

1. d4 d5 2. c4 e6 3. Nf3 Nf6 4. Nc3 c6 5. Bg5 h6 6. Bxf6 Qxf6 7. e3 Nd7 
8. Bd3 dxc4 9. Bxc4 g6 10. O-O Bg7 11. e4 O-O 12. Re1 e5 13. d5 Nb6 14. Bb3 Bd7 
15. h3 Rfd8 16. Qe2 Qe7 17. Rac1 Qb4 18. Nd2 cxd5 19. a3 Qd6 20. Nxd5 Rac8 
21. Nc4 Nxc4 22. Bxc4 Bf6 23. Rcd1 Kg7 24. Bb5 Bxb5 25. Qxb5 a6 26. Qb3 Bg5 
27. a4 Qe6 28. Rd3 Rd7 29. a5 Rc5 30. Qa3 Qc6 31. b4 Rc2 32. Qa1 f6 33. Rb3 h5 
34. Qb1 f5 35. Rf1 Rd2 36. Rc3 Qb5 37. Nb6 R7d4 38. exf5 Rxb4 39. Qe1 Rdb2 
40. Rc7+ Kh6 41. Nc4 Rb1 42. Qxe5 Qxe5 43. Nxe5 gxf5 44. Nf7+ Kg6 45. Nxg5 Rxf1+ 
46. Kxf1 Kxg5 47. Ke2 Rb5 48. Rg7+ Kh6 49. Re7 Rxa5 50. Rxb7 Kg5 51. Ra7 h4 
52. Rg7+ Kh6 53. Rg8 Ra3 54. g3 hxg3 55. fxg3 a5 56. Rh8+ Kg5 57. Kf2 Kf6 
58. Rf8+ Ke5 59. Re8+ Kd4 60. Ra8 a4 61. Ke2 Ke4 62. Re8+ Kd5 63. Ra8 f4 
64. gxf4 Ke4 65. h4 Ra2+ 66. Kd1 a3 67. Ra4+ Kd3 68. Ke1 Ra1+ 69. Kf2 a2 
70. Kg2 Rb1 71. Rxa2 Ke4 72. f5 Kxf5 73. Rf2+ Kg4 74. h5 1/2-1/2